 Dungeon Crawl Stone Soup version 0.28-a0-124-g73ec313a74 (webtiles) character file.

Game seed: 4342582705037552305

1309 voltaire321 the Conjurer (level 8, -1/46 HPs)
             Began as a Deep Elf Conjurer on Aug 15, 2021.
             Was a Follower of Vehumet.
             Slain by a gnoll sergeant (9 damage)
             ... on level 6 of the Dungeon.
             The game lasted 00:16:45 (5199 turns).

voltaire321 the Conjurer (Deep Elf Conjurer)        Turns: 5199, Time: 00:16:45

Health: -1/46      AC:  3    Str:  5    XL:     8   Next: 32%
Magic:  12/19      EV: 18    Int: 25    God:    Vehumet [*.....]
Gold:   185        SH:  0    Dex: 13    Spells: 10/19 levels left

rFire   . . .      SeeInvis .   h - +1 short sword (flame)
rCold   . . .      Faith    .   (no shield)
rNeg    . . .      Spirit   .   a - +1 robe
rPois   .          Reflect  .   (no helmet)
rElec   .          Harm     .   (no cloak)
rCorr   +          Rampage  .   (no gloves)
Will    .....                   (no boots)
Stlth   ++........              (no amulet)
HPRegen 0.15/turn               c - +4 ring of evasion
MPRegen 0.16/turn               k - ring of resist corrosion

@: no status effects
A: no striking features
a: Renounce Religion


You were on level 6 of the Dungeon.
You worshipped Vehumet.
Vehumet was aware of your devotion.
You visited 2 branches of the dungeon, and saw 7 of its levels.

You collected 185 gold pieces.

Inventory:

Hand Weapons
 h - a +1 short sword of flaming (weapon)
 o - a +0 rapier
Missiles
 j - 11 poisoned darts
Armour
 a - a +1 robe (worn)
 f - a +0 buckler
Jewellery
 c - a +4 ring of evasion (left hand)
 i - an amulet of guardian spirit
 k - a ring of resist corrosion (right hand)
Scrolls
 d - a scroll of enchant armour
 l - a scroll of teleportation
 q - a scroll of identify
Potions
 b - 2 potions of heal wounds
 e - 2 potions of lignification
 g - a potion of ambrosia
 m - a potion of flight {unknown}
 n - a potion of might
 p - a potion of magic {unknown}


   Skills:
 + Level 3.5 Fighting
 + Level 5.7 Dodging
 - Level 2.4 Stealth
 + Level 2.4 Shields
 + Level 6.4 Spellcasting
 + Level 6.5 Conjurations
 + Level 4.5 Hexes


You had 10 spell levels left.
You knew the following spells:

 Your Spells              Type           Power      Damage    Failure   Level
a - Magic Dart            Conj           100%       1d8       1%          1
b - Searing Ray           Conj           80%        3d6       1%          2
c - Dazzling Flash        Conj/Hex       70%        N/A       2%          3
d - Confusing Touch       Hex            30%        N/A       3%          3

Your spell library contained the following spells:

 Spells                   Type           Power      Damage    Failure   Level
 Freeze                   Ice            32%        1d5       7%          1
 Slow                     Hex            30%        N/A       1%          2
 Fulminant Prism          Conj/Hex       17%        3d11      8%          4
 Iskenderun's Mystic Bla  Conj/Tloc      24%        2d7       19%         4
 Yara's Violent Unravell  Hex/Tmut       9%         3d6       61%         5


Dungeon Overview and Level Annotations

Branches:
Dungeon (6/15)             Temple (1/1) D:4

Altars:
Ashenzari
Fedhas
Gozag
Hepliaklqana
Makhleb
Nemelex Xobeh
Okawaru
Qazlal
Ru
Sif Muna
Trog
Uskayaw
Vehumet
Wu Jian
Xom
Yredelemnul
Zin
The Shining One

Shops:
D:3 [


Message History

The gnoll is severely wounded. (Press . to maintain the ray.)
The gnoll sergeant hits you from afar with a +0 trident!
A gnoll comes into view. It is wielding a +0 whip.
The searing ray hits the gnoll sergeant.
The gnoll sergeant is heavily wounded.
The searing ray misses the gnoll.
The gnoll sergeant hits you from afar with a +0 trident!
A gnoll comes into view. It is wielding a +0 spear.
The searing ray hits the gnoll sergeant but does no damage.
The gnoll sergeant is heavily wounded.
The searing ray hits the gnoll!
You kill the gnoll!
Vehumet accepts your kill.
The searing ray hits the gnoll!
The gnoll is heavily wounded.
The gnoll sergeant hits you from afar with a +0 trident!
The searing ray hits the gnoll sergeant.
The gnoll sergeant is heavily wounded.
The searing ray hits the gnoll!
You kill the gnoll!
Vehumet accepts your kill.
You finish channeling your searing ray.
The gnoll sergeant closely misses you.
A gnoll comes into view. It is wielding a +0 club.
Casting: Searing Ray (safe; 1% risk of failure)
Confirm with . or Enter, or press ? or * to list all spells.
Aiming: Searing Ray (safe; 1% risk of failure)
Press: ? - help, Shift-Dir - straight line, f/p - gnoll sergeant
Aim: a gnoll sergeant, wielding a +0 trident, wearing a +0 scale mail and wearing a +0 kite shield (heavily wounded, 89% to hit)
The searing ray hits the gnoll sergeant.
The gnoll sergeant is heavily wounded. (Press . to maintain the ray.)
The gnoll sergeant hits you from afar with a +0 trident!
* * * LOW HITPOINT WARNING * * *
The searing ray hits the gnoll sergeant.
The gnoll sergeant is severely wounded.
The searing ray hits the gnoll.
The gnoll is heavily wounded.
The gnoll sergeant hits you from afar with a +0 trident!
You die...

....# #.# #.# #.# ....#
#.# #.# #.# #..#####.# #.#
#.# ...)...|.# #.# #.#
#..####### #.# #.# #).#
#.# #.# #).############.#
#.#
#.............#.####.#####
..##########....@.g)g.g.?#
####### #..#.####.###.#
......######..#.# #... #
#####...........# ###.#
.........###....# .#
########.# #..#.# # #.#
#.♣≈.♣ #.# #.♣≈≈♣ #.#
#♣♣≈≈P♣


You could see a gnoll sergeant and 2 gnolls.

Vanquished Creatures
  Eustachio (D:5)
  2 sky beasts
  An ogre (D:5)
  A kobold brigand (D:6)
  2 bullfrogs (D:6)
  2 scorpions
  An electric eel (D:6)
  A howler monkey (D:6)
  A bullfrog zombie (D:3)
  2 orc priests
  A hound (D:6)
  3 jellies
  A scorpion zombie (D:5)
  An iguana (D:6)
  Robin (D:3)
  2 gnolls (D:6)
  A howler monkey skeleton (D:6)
  8 adders
  2 white imps
  An ufetubus (D:5)
  An adder skeleton (D:4)
  5 dart slugs
  7 orcs
  6 endoplasms
  3 giant cockroaches
  14 goblins
  12 hobgoblins
  4 jackals (D:3)
  8 kobolds
  2 quokkas
  6 ball pythons
  3 bats
  3 frilled lizards
  4 rats
  A spectral orc (D:3)
114 creatures vanquished.

Vanquished Creatures (others)
  21 plants (D:6)
21 creatures vanquished.

Grand Total: 135 creatures vanquished

Notes
Turn   | Place    | Note
-------+----------+-------------------------------------------
     0 | D:1      | voltaire321 the Deep Elf Conjurer began the quest for the
                  | Orb.
     0 | D:1      | Reached XP level 1. HP: 10/10 MP: 6/6
   249 | D:1      | Reached XP level 2. HP: 16/16 MP: 6/8
   252 | D:1      | Learned a level 2 spell: Searing Ray
   321 | D:1      | Found a faded altar of an unknown god.
   700 | D:2      | Found an ornate altar of the Wu Jian Council.
   878 | D:2      | Reached skill level 1 in Fighting
   878 | D:2      | Reached XP level 3. HP: 20/20 MP: 6/10
  1511 | D:3      | Noticed Robin
  1525 | D:3      | Killed Robin
  1539 | D:3      | Reached XP level 4. HP: 25/25 MP: 1/11
  1810 | D:3      | Reached skill level 5 in Conjurations
  2005 | D:3      | Found a bloodstained altar of Trog.
  2052 | D:3      | Found Lyovonet's Antique Armour Emporium.
  2068 | D:3      | Reached XP level 5. HP: 26/30 MP: 8/13
  2106 | D:3      | Learned a level 3 spell: Dazzling Flash
  2236 | D:3      | Found a basalt altar of Yredelemnul.
  2494 | D:3      | Found an opulent altar of Gozag.
  2993 | D:4      | Reached skill level 1 in Hexes
  3173 | D:4      | Reached XP level 6. HP: 35/35 MP: 12/15
  3279 | D:4      | Found a staircase to the Ecumenical Temple.
  3291 | Temple   | Entered the Ecumenical Temple
  3350 | Temple   | Became a worshipper of Vehumet
  3584 | D:5      | Entered Level 5 of the Dungeon
  3658 | D:5      | Noticed a sky beast
  3668 | D:5      | Killed a sky beast
  3669 | D:5      | Reached skill level 5 in Spellcasting
  3861 | D:5      | Noticed Eustachio
  3870 | D:5      | Killed Eustachio
  3871 | D:5      | Reached skill level 1 in Shields
  3871 | D:5      | Reached XP level 7. HP: 32/40 MP: 6/17
  4365 | D:5      | Reached skill level 5 in Dodging
  4704 | D:6      | Reached XP level 8. HP: 38/46 MP: 12/19
  4726 | D:6      | Reached * piety under Vehumet
  4726 | D:6      | Offered knowledge of Freeze by Vehumet.
  5105 | D:6      | Learned a level 3 spell: Confusing Touch
  5199 | D:6      | Slain by a gnoll sergeant

Illustrated notes

Levels and vault maps discovered:
D:1:      saegor_arrival_simple_d, layout_rooms,
          chequers_ecumenical_altar_island,
          hangedman_abyss_or_decor_lesser_grid, supply_closet_lemuel,
          minmay_misc_feat_roman
D:2:      layout_basic, basic_altar, amcnicky_mini_pool_small
D:3:      layout_loops_corners, yredelemnul_forgotten_temple_becter,
          mainiacjoe_overflow_cross_hatched, trog_three_pillars_becter,
          serial_shops, nicolae_shop_statue_plus, minivault_4, uniq_robin
D:4:      layout_basic, minmay_temple_entry_proselytizer
D:5:      layout_loops_cross, kennysheep_generic_room_13, uniq_eustachio
D:6:      layout_loops_ring, mainiacjoe_overflow_paths, serial_bayou,
          serial_bayou_pond_c, serial_bayou_shore_a, serial_bayou_pond_b,
          serial_bayou_crossing
Temple:   eino_wide_crystal_templ

Skill      XL: |  1  2  3  4  5  6  7  8 |
---------------+-------------------------+-----
Fighting       | 1 2 3 |  3.5
Dodging        | 3 4 5 |  5.7
Spellcasting   | 4 5 6 |  6.4
Conjurations   | 5 6 |  6.5
Hexes          | 1 3 4 |  4.5
Shields        | 1 2 |  2.4
Stealth        | |  2.4

Action                   |  1- 3 |  4- 6 |  7- 9 || total
-------------------------+-------+-------+-------++-------
Melee: Short sword       |     3 |    12 |     3 ||    18
 Cast: Magic Dart        |    59 |    41 |    26 ||   126
       Searing Ray       |     2 |    21 |    17 ||    40
  Use: Scroll            |       |    12 |       ||    12
 Stab: Sleeping          |     1 |       |       ||     1
Armor: Robe              |       |     9 |     2 ||    11
Dodge: Dodged            |     2 |    20 |    14 ||    36

Table legend: (Time is in decaauts)
 A = Elapsed time spent in this place.
 B = Non-inter-level travel time spent in this place.
 C = Inter-level travel time spent in this place.
 D = Time resting spent in this place.
 E = Time spent auto-exploring this place.
 F = Levels seen in this place.
 G = Mean time per level.
                   A        B        C        D        E       F      G
               +--------+--------+--------+--------+--------+-----+--------+
         Total |   5207 |   5000 |    207 |   1163 |   2973 |   7 |  743.9 |
       Dungeon |   5135 |   4950 |    185 |   1163 |   2935 |   6 |  855.8 |
        Temple |     72 |     50 |     22 |      0 |     38 |   1 |   72.0 |
               +--------+--------+--------+--------+--------+-----+--------+

Top non-repeatable levels by time:
     D:3: 1464 daAuts
     D:5: 977 daAuts
     D:1: 700 daAuts
     D:4: 681 daAuts
     D:2: 668 daAuts
     D:6: 643 daAuts
  Temple: 72 daAuts
